 Dungeon Crawl Stone Soup version 0.24-a0-521-g122614bf49 (webtiles) character file.

Game seed: 4377528072928049745

17865 KapersCrawl the Fighter (level 12, -10/103 HPs)
             Began as a Formicid Fighter on July 30, 2019.
             Was a Priest of Yredelemnul.
             Killed from afar by a frost giant (22 damage)
             ... with a bolt of cold
             ... in an ice cave.
             The game lasted 00:50:52 (13662 turns).

KapersCrawl the Fighter (Formicid Fighter)         Turns: 13662, Time: 00:50:53

Health: -10/103    AC: 18    Str: 25    XL:     12   Next: 88%
Magic:  26/26      EV: 10    Int: 14    God:    Yredelemnul [***...]
Gold:   779        SH:  7    Dex: 12    Spells: 11/11 levels left

rFire    . . .     SeeInvis +   a - +2 war axe
rCold    . . .     Gourm    .   o - +2 buckler
rNeg     . . .     Faith    +   k - +0 plate armour
rPois    .         Spirit   .   (helmet unavailable)
rElec    .         Reflect  .   t - +1 cloak
rCorr    .         Harm     .   V - +1 pair of gloves
MR       +....                  (no boots)
Stlth    ..........             s - amulet of faith
HPRegen  0.27/turn              N - ring "Vygolor" {MP+9 Slay+2, =R}
MPRegen  0.20/turn              E - +2 ring of evasion

@: brilliant, very slightly contaminated, invisible, very slow
A: permanent stasis, dig shafts and tunnels, four strong arms, antennae 3, claws
1, agile 1
a: Dig, Shaft Self, Recall Undead Slaves, Injury Mirror, Animate Dead, Renounce
Religion


You were in an ice cave.
You worshipped Yredelemnul.
Yredelemnul was most pleased with you.
You were not hungry.

You visited 3 branches of the dungeon, and saw 13 of its levels.
You also visited: Ice Cave.

You collected 779 gold pieces.

Inventory:

Hand Weapons
 a - a +2 war axe (weapon)
 A - a +2 whip of flaming
Missiles
 l - 572 stones
 w - 2 throwing nets
 M - 31 poisoned darts (quivered)
Armour
 c - a +0 shield
 k - a +0 plate armour (worn)
 o - a +2 buckler (worn)
 t - a +1 cloak (worn)
 V - a +1 pair of gloves (worn)
Jewellery
 e - an uncursed ring of fire
 j - an uncursed ring of poison resistance
 s - an amulet of faith (around neck)
 y - the ring "Uwask" {rF- rN++ SInv Stlth+}
   (You found it on level 4 of the Dungeon)

   [ring of stealth]

   It makes you vulnerable to fire.
   It greatly protects you from negative energy.
   It lets you see invisible.
   It makes you more stealthy.
 E - a +2 ring of evasion (right hand)
 N - the ring "Vygolor" (left hand) {MP+9 Slay+2, =R}
   (You found it on level 8 of the Dungeon)

   [ring of magical power]

   It affects your accuracy and damage with ranged weapons and melee attacks
   (+2).
   It affects your magic capacity (+9).
Wands
 n - a wand of flame (5)
 u - a wand of acid (4)
 v - a wand of iceblast (9)
 z - a wand of disintegration (7)
 D - a wand of polymorph (7)
 H - a wand of clouds (5)
 J - a wand of paralysis (4)
 S - a wand of random effects (16)
Scrolls
 m - 4 scrolls of remove curse
 q - a scroll of fog
 B - a scroll of fear
 O - a scroll of enchant weapon
Potions
 b - 3 potions of mutation
 d - 2 potions of might
 g - 2 potions of agility
 i - 5 potions of curing
 r - a potion of resistance
 F - a potion of ambrosia
 G - a potion of heal wounds
 U - 2 potions of lignification
Comestibles
 f - 27 rations


   Skills:
 + Level 12.5 Fighting
 - Level 9.0 Axes
 + Level 8.9 Armour
 - Level 3.0 Dodging
 - Level 8.4 Stealth
 - Level 5.0 Shields
 + Level 7.6 Invocations
 + Level 7.7 Evocations


You had 11 spell levels left.
You didn't know any spells.
Your spell library contained the following spells:

 Spells                   Type           Power        Failure   Level  Hunger
 Corona                   Hex            #......      30%         1    ##.....
 Slow                     Hex            #.......     41%         2    ###....
 Inner Flame              Hex/Fire       #.......     61%         3    ####...
 Portal Projectile        Hex/Tloc       #.....       61%         3    ####...
 Cause Fear               Hex            #.........   91%         4    #####..
 Leda's Liquefaction      Hex/Erth       #.........   91%         4    #####..


Dungeon Overview and Level Annotations

Branches:
Dungeon (11/15)            Temple (1/1) D:7            Lair (1/6) D:11
    Orc (0/2) D:11

Altars:
Ashenzari
Cheibriados
Dithmenos
Elyvilon
Fedhas
Gozag
Hepliaklqana
Kikubaaqudgha
Makhleb
Nemelex Xobeh
Okawaru
Qazlal
Ru
Sif Muna
Trog
Uskayaw
Vehumet
Wu Jian
Xom
Yredelemnul
Zin
The Shining One

Shops:
D:7 [   D:11 *

Annotations:
D:4 exclusion: downstairs
D:6 1 runed translucent door, Thantalas's ghost, novice GrEE
D:7 exclusion: downstairs IceCv exclusion: ice statue


Innate Abilities, Weirdness & Mutations

You cannot be hasted, slowed, berserked, paralysed or teleported.
You can dig through walls and to a lower floor.
Your four strong arms can wield two-handed weapons with a shield.
You have a pair of large antennae on your head. (SInv)
You have sharp fingernails.
You are agile. (Dex +2)


Message History

Okay, then.
Unknown command.
You fade into invisibility!
You are very lightly contaminated with residual magic.
Unknown command.
Unknown command.
You block the rime drake's attack.
Unknown command.
Unknown command.
You extend your mandibles.
You dig through the ice covered rock wall.
You retract your mandibles.
You enter the shallow water.
Moving in this stuff is going to be slow. ...and don't expect to remain undetected.
It was a potion of brilliance.
You feel clever all of a sudden. The frost giant casts a spell at you.
The bolt of cold hits you!!
You die...
Your body rises from the dead as a mindless zombie.

##### ######## ##.#.##
{{##.h.########.#Z⌠.# #######
##{.%##...#..#C###.###≈≈≈≈≈≈≈
######{#{.#{{#.#####≈≈≈#{{{{
##{.#####.@≈#≈≈≈###
##..##..≈#≈≈≈≈##
###...##≈≈≈#≈≈####
#####≈≈≈####≈≈Z## #≈≈#≈≈≈≈
###..# # { ≈≈≈≈≈≈≈≈≈###..##
### ≈≈≈≈≈≈≈####..## ###.Z
≈#≈#≈≈## ###..# ##.Z)# ≈≈≈≈#
##...## #...##


You could see a frost giant.

Vanquished Creatures
  Erica (D:10)
  4 two-headed ogres
  A death yak (IceCv)
  Pikel (D:4)
  An elephant (D:11)
  A kobold demonologist (D:11)
  6 polar bears (IceCv)
  Prince Ribbit (D:8)
  A slime creature (D:7)
  2 hippogriffs
  A wyvern (D:10)
  A wraith (D:11)
  A human (D:7)
  6 yaks
  4 hogs (D:7)
  A hungry ghost (D:10)
  Grum (D:10)
  Edmund (D:4)
  2 water moccasins (D:11)
  An orc warrior (D:10)
  2 phantoms
  5 ice beasts
  3 black bears
  A necrophage (D:5)
  3 sky beasts
  3 slaves (D:4)
  5 ogres
  9 wolves
  8 centaurs
  A crocodile (D:11)
  18 big kobolds
  A gnoll sergeant (D:6)
  A wyvern zombie (D:6)
  4 bullfrogs
  4 killer bees
  A yak skeleton (IceCv)
  3 howler monkeys
  4 crimson imps
  A bullfrog zombie (D:7)
  A centaur zombie (D:9)
  6 hounds
  A quasit (D:9)
  2 centaur skeletons
  A gnoll shaman (D:5)
  2 bullfrog skeletons
  6 orc priests
  4 jellies (D:7)
  8 orc wizards
  5 iguanas
  7 worker ants
  2 killer bee zombies
  2 hound zombies
  2 hound skeletons
  A worker ant zombie (D:11)
  11 adders
  10 gnolls
  3 shadow imps
  7 oozes
  An adder zombie (D:9)
  2 adder skeletons
  2 worms
  4 dart slugs
  37 orcs
  A ball python (D:2)
  5 giant cockroaches
  9 goblins
  15 hobgoblins
  8 jackals
  3 quokkas
  8 bats
  5 frilled lizards
  46 kobolds
  A leopard gecko zombie (D:9)
  8 rats
351 creatures vanquished.

Vanquished Creatures (collateral kills)
  2 kobold demonologists
  2 ice devils (D:11)
  A polar bear (IceCv)
  A hippogriff (D:11)
  3 yaks (IceCv)
  A basilisk (D:10)
  A wolf (D:10)
  A centaur (D:11)
  4 big kobolds (D:9)
  2 bullfrogs (D:11)
  4 killer bees
  A killer bee zombie (D:10)
  A hound skeleton (D:10)
  5 kobolds
29 creatures vanquished.

Vanquished Creatures (others)
  A death yak zombie (IceCv)
  A two-headed ogre skeleton (D:10)
  A wolf (IceCv)
  A polar bear zombie (IceCv)
  2 wights
  A yak zombie (IceCv)
  2 yak skeletons (IceCv)
  A polar bear skeleton (IceCv)
  4 wolf zombies
  A kobold zombie (D:11)
  A centaur skeleton (D:10)
  A crocodile zombie (D:11)
  3 killer bee zombies
  A big kobold zombie (D:11)
  A hound skeleton (D:10)
  A kobold (D:4)
  3 orc zombies (D:10)
  4 fungi (D:7)
  9 toadstools (D:7)
39 creatures vanquished.

Grand Total: 419 creatures vanquished

Notes
Turn   | Place    | Note
-------+----------+-------------------------------------------
     0 | D:1      | KapersCrawl the Formicid Fighter began the quest for the
                  | Orb.
     0 | D:1      | Reached XP level 1. HP: 18/18 MP: 1/1
    99 | D:1      | Reached XP level 2. HP: 21/24 MP: 2/2
   424 | D:1      | Reached XP level 3. HP: 22/29 MP: 3/3
   930 | D:2      | Reached XP level 4. HP: 37/37 MP: 4/4
   980 | D:2      | Reached skill level 4 in Fighting
  1157 | D:2      | Reached XP level 5. HP: 42/42 MP: 5/5
  1205 | D:2      | Found a snail-covered altar of Cheibriados.
  1409 | D:2      | Found a white marble altar of Elyvilon.
  1742 | D:3      | Found a shadowy altar of Dithmenos.
  1930 | D:3      | Reached skill level 1 in Stealth
  2171 | D:3      | Reached XP level 6. HP: 49/49 MP: 6/6
  2533 | D:3      | Reached skill level 1 in Dodging
  3075 | D:4      | Noticed a slave
  3075 | D:4      | Noticed a slave
  3075 | D:4      | Noticed a slave
  3097 | D:4      | Found a hazy altar of Hepliaklqana.
  3110 | D:4      | Killed a slave
  3111 | D:4      | Killed a slave
  3130 | D:4      | Noticed Edmund
  3130 | D:4      | Noticed a slave
  3134 | D:4      | Gained mutation: You have sharp fingernails. [potion of
                  | mutation]
  3134 | D:4      | Gained mutation: You are agile. (Dex +2) [potion of
                  | mutation]
  3145 | D:4      | Killed Edmund
  3145 | D:4      | Reached skill level 5 in Fighting
  3145 | D:4      | Reached XP level 7. HP: 19/56 MP: 7/7
  3264 | D:4      | Noticed Pikel
  3273 | D:4      | Killed Pikel
  3273 | D:4      | Reached XP level 8. HP: 37/64 MP: 8/8
  3432 | D:4      | Got a scorched turquoise ring
  3878 | D:4      | Reached skill level 6 in Fighting
  3929 | D:4      | Reached skill level 5 in Axes
  3929 | D:4      | Reached skill level 5 in Stealth
  4036 | D:4      | Reached XP level 9. HP: 54/71 MP: 9/9
  4176 | D:4      | Identified the ring "Uwask" {rF- rN++ SInv Stlth+} (You
                  | found it on level 4 of the Dungeon)
  4303 | D:4      | Reached skill level 7 in Fighting
  4403 | D:5      | Entered Level 5 of the Dungeon
  4790 | D:5      | You fall into a shaft and drop 2 floors!
  4814 | D:7      | Found Amneo's Antique Armour Shoppe.
  5427 | D:5      | Reached skill level 8 in Fighting
  5993 | D:6      | Found a sparkling altar of Nemelex Xobeh.
  5993 | D:6      | Found an opulent altar of Gozag.
  6207 | D:6      | Got an iridescent falchion
  6209 | D:6      | Found a runed translucent door.
  6213 | D:6      | Noticed Thantalas's ghost (novice GrEE)
  6469 | D:6      | Reached XP level 10. HP: 56/82 MP: 10/10
  6815 | D:7      | Identified the +4 falchion of the Unkillable {protect,
                  | Int+4} (You found it on level 6 of the Dungeon)
  7003 | D:7      | Reached skill level 9 in Fighting
  7657 | D:7      | Found a staircase to the Ecumenical Temple.
  7663 | Temple   | Entered the Ecumenical Temple
  7896 | Temple   | Became a worshipper of Yredelemnul the Dark
  7965 | D:7      | Reached skill level 10 in Fighting
  8893 | D:8      | Reached skill level 1 in Evocations
  9047 | D:8      | Reached skill level 5 in Shields
  9108 | D:8      | Found a bloodstained altar of Trog.
  9261 | D:8      | Noticed Prince Ribbit
  9274 | D:8      | Noticed a two-headed ogre
  9275 | D:8      | Reached * piety under Yredelemnul
  9278 | D:8      | Killed Prince Ribbit
  9278 | D:8      | Reached XP level 11. HP: 65/92 MP: 12/12
  9338 | D:7      | Reached skill level 5 in Armour
  9523 | D:8      | Got a clouded bronze ring
  9525 | D:8      | Identified the ring "Vygolor" {MP+9 Slay+2} (You found it
                  | on level 8 of the Dungeon)
  9609 | D:8      | Found a glowing golden altar of the Shining One.
  9903 | D:9      | Reached skill level 1 in Invocations
 10092 | D:9      | Noticed a two-headed ogre
 10121 | D:9      | Killed a two-headed ogre
 10121 | D:9      | Reached skill level 11 in Fighting
 10233 | D:9      | Found an ornate altar of the Wu Jian Council.
 10294 | D:9      | Reached ** piety under Yredelemnul
 10502 | D:10     | Entered Level 10 of the Dungeon
 10591 | D:10     | Noticed a two-headed ogre
 10610 | D:10     | Killed a two-headed ogre
 10625 | D:10     | Noticed a two-headed ogre
 10629 | D:10     | Reached skill level 5 in Evocations
 10635 | D:10     | Killed a two-headed ogre
 10699 | D:10     | Noticed Grum
 10708 | D:10     | Killed Grum
 10797 | D:10     | Noticed a two-headed ogre
 10816 | D:10     | Killed a two-headed ogre
 10816 | D:10     | Reached skill level 5 in Invocations
 10987 | D:10     | Reached *** piety under Yredelemnul
 11192 | D:10     | Noticed Erica
 11229 | D:10     | Killed Erica
 11229 | D:10     | Reached XP level 12. HP: 80/101 MP: 16/16
 11726 | D:11     | Found a staircase to the Lair.
 11913 | D:11     | Received a gift from Yredelemnul (a wight)
 11939 | D:11     | Reached skill level 12 in Fighting
 12185 | D:11     | Found a staircase to the Orcish Mines.
 12196 | D:11     | Reached **** piety under Yredelemnul
 12297 | D:11     | Found Fizemoatargh's Serpentskin Sales.
 12468 | Lair:1   | Entered Level 1 of the Lair of Beasts
 12517 | D:11     | Received a gift from Yredelemnul (a mummy)
 12571 | Lair:1   | Found a frozen archway.
 12826 | IceCv    | Entered an ice cave
 13024 | IceCv    | Noticed a death yak
 13041 | IceCv    | Killed a death yak
 13053 | IceCv    | Received a gift from Yredelemnul (a wight)
 13628 | IceCv    | Noticed a frost giant
 13645 | IceCv    | HP: 1/103 [frost giant/bolt of cold (40)]
 13662 | IceCv    | Killed from afar by a frost giant

Levels and vault maps discovered:
D:1:      shiori_arrival_oz, layout_basic
D:2:      layout_loops_ring, kennysheep_slug_shrine, elyvilon_altar_3
D:3:      layout_loops_ring, nicolae_dithmenos_through_a_glass_darkly,
          minmay_crystal_water, minmay_goblin_kobold_house
D:4:      minmay_goblin_kobold_castle, layout_basic, marbit_many_paths,
          first_ration, uniq_edmund, uniq_pikel
D:5:      layout_cave_pools
D:6:      layout_gridville, grunt_temple_overflow_opulence,
          ebering_ghost_sewer_d, hangedman_decor_points
D:7:      cheibrodos_fertilizer, layout_basic, minmay_temple_entry_hall,
          serial_shops, shop, grunt_livestock, kennysheep_nondescript,
          hex_intersection
D:8:      layout_basic, bloody_trog, tso_altar, uniq_prince_ribbit1
D:9:      layout_roguey, kennysheep_mini, special_room [special_room_kobold]
D:10:     layout_loops_ring, uniq_erica, uniq_grum
D:11:     layout_long_grid, david_lair_generic, orc_0_dummy, guppyfry_shop_venom
Temple:   oiseaux_autumnal_temple
Lair:1:   layout_roguey, portal_ice_cave_demonic_guard, wad_woods_02,
          serial_bayou_shore_b
IceCv:    ice_cave_caverns_03

Skill      XL: |  1  2  3  4  5  6  7  8  9 10 11 12 |
---------------+-------------------------------------+-----
Shields        | 4 5 |  5.0
Fighting       | 4 5 6 8 10 11 12 | 12.5
Armour         | 4 7 8 |  8.9
Axes           | 3 4 5 7 9 |  9.0
Stealth        | 1 2 4 6 8 |  8.4
Dodging        | 1 3 |  3.0
Evocations     | 2 5 7 |  7.7
Invocations    | 5 7 |  7.6

Action                   |  1- 3 |  4- 6 |  7- 9 | 10-12 || total
-------------------------+-------+-------+-------+-------++-------
Melee: War axe           |   106 |   246 |   341 |   678 ||  1371
       Whip              |       |       |       |    15 ||    15
Throw: Dart              |       |       |       |     5 ||     5
Invok: Animate Remains   |       |       |       |     7 ||     7
       Animate Dead      |       |       |       |    11 ||    11
       Recall Undead Sla |       |       |       |     1 ||     1
       Drain Life        |       |       |       |     1 ||     1
 Abil: Shaft Self        |       |       |     1 |       ||     1
       Dig               |       |       |       |     4 ||     4
Evoke: Wand              |       |       |     6 |    29 ||    35
  Use: Scroll            |     1 |     4 |    10 |    13 ||    28
       Potion            |       |     2 |     1 |     4 ||     7
 Stab: Invisible         |       |       |     3 |     1 ||     4
       Paralysed         |       |       |       |     8 ||     8
       Distracted        |       |       |       |     3 ||     3
  Eat: Chunk             |       |    23 |    12 |    23 ||    58
Armor: Scale mail        |     9 |       |       |       ||     9
       Plate armour      |    65 |   135 |   216 |   343 ||   759
Dodge: Dodged            |    11 |    59 |   157 |   309 ||   536
Block: Shield            |    68 |    42 |       |       ||   110
       Buckler           |       |    56 |   118 |   231 ||   405

Table legend:
 A = Non-vault XP
 B = Vault XP
 C = Vault XP percentage of total XP
 D = Non-vault monster count
 E = Vault monster count
 F = Vault count percentage of total count
                 A         B        C        D         E       F
            +---------+---------+-------+---------+---------+-------
      Total |   13089 |   12433 |  48.7 |     247 |     129 |  34.3
            +---------+---------+-------+---------+---------+-------
        D:1 |      56 |       0 |   0.0 |      27 |       0 |   0.0
        D:2 |      96 |       4 |   4.0 |      17 |       1 |   5.6
        D:3 |     122 |       6 |   4.7 |      28 |       3 |   9.7
        D:4 |     239 |    1685 |  87.6 |      15 |      51 |  77.3
        D:5 |     817 |       0 |   0.0 |      19 |       0 |   0.0
        D:6 |     835 |      95 |  10.2 |      21 |       1 |   4.5
        D:7 |    1098 |    1636 |  59.8 |      23 |      20 |  46.5
        D:8 |    1299 |     259 |  16.6 |      18 |       1 |   5.3
        D:9 |    1689 |     971 |  36.5 |      17 |      16 |  48.5
       D:10 |    4232 |    1391 |  24.7 |      27 |       5 |  15.6
       D:11 |    2606 |    1542 |  37.2 |      35 |       7 |  16.7
      IceCv |       0 |    4844 | 100.0 |       0 |      24 | 100.0
            +---------+---------+-------+---------+---------+-------
